AoeStats
← NDF

Arabia

507605078Analyzed
2v2 RM · 12d ago on Sep 19, 2026· 80m 26s· 4 players
Game mode
Random Map
Map size
Medium (4 player)
Population
200
Speed
Normal
Resources
Standard
Victory
Conquest
Starting age
Dark Age
Ending age
Imperial Age
RankedLock teamsTeams togetherTeam positionsShared explorationLock speedFull tech treeHidden civsTurbo modeCheats
Victory
Defeat
🇨🇱 Franks · Chile
820
+13
🇲🇽 Ethiopians · Mexico
685
+19
🇦🇷 Teutons · Argentina
750
-16
🇦🇷 Spanish · Argentina
750
-16
NDF
4:17 Loom
12:20 Feudal Age
12:36 Man-at-Arms
26:24 Castle Age
24:15 Double-Bit Axe
24:13 Horse Collar
24:29 Stone Mining
24:43 Gold Mining
25:33 Padded Archer Armor
25:24 Fletching
26:03 Arson
27:47 Squires
27:08 Pikeman
29:41 Bow Saw
29:38 Heavy Plow
30:19 Stone Shaft Mining
29:39 Crossbowman
40:28 Leather Archer Armor
47:20 Imperial Age
45:14 Forging
49:27 Iron Casting
52:43 Elite Skirmisher
56:52 Two-Man Saw
56:27 Crop Rotation
56:14 Bloodlines
56:21 Scale Mail Armor
56:26 Scale Barding Armor
60:46 Masonry
60:46 Cavalier
66:18 Wheelbarrow
65:28 Town Watch
67:10 Elite Teutonic Knight
67:41 Sappers
68:53 Siege Engineers
70:08 Hoardings
70:29 Ironclad
73:28 Capped Ram
estebanpa
11:28 Feudal Age
10:28 Loom
12:20 Double-Bit Axe
12:00 Man-at-Arms
13:38 Horse Collar
15:00 Scale Mail Armor
21:48 Castle Age
20:28 Wheelbarrow
20:12 Stone Mining
20:17 Gold Mining
21:09 Bloodlines
21:17 Forging
21:14 Scale Barding Armor
23:09 Bow Saw
23:07 Heavy Plow
23:42 Chain Barding Armor
30:43 Fervor
30:40 Gambesons
30:15 Long Swordsman
33:49 Imperial Age
31:38 Hand Cart
31:34 Stone Mining
32:30 Iron Casting
32:11 Chain Mail Armor
32:23 Murder Holes
32:50 Ballistics
34:24 Cavalier
34:33 Two-Handed Swordsman
35:52 Plate Barding Armor
35:48 Plate Mail Armor
36:18 Blast Furnace
36:31 Two-Man Saw
39:29 Champion
41:32 Squires
40:53 Pikeman
41:17 Paladin
42:00 Husbandry
45:17 Caravan
49:10 Hoardings
48:30 Halberdier
56:11 Stone Shaft Mining
EL WERSEIKER
2:22 Loom
12:01 Feudal Age
12:43 Double-Bit Axe
16:49 Scale Barding Armor
17:53 Forging
20:30 Wheelbarrow
27:01 Castle Age
25:21 Gold Mining
25:26 Stone Mining
28:15 Hand Cart
28:08 Husbandry
28:31 Chain Barding Armor
32:27 #83
32:51 Iron Casting
36:02 Sanctity
36:15 Pikeman
36:56 Squires
39:31 Gold Shaft Mining
39:13 Bow Saw
43:15 Imperial Age
43:34 Cavalier
45:56 Plate Barding Armor
46:22 Blast Furnace
46:07 Elite Throwing Axeman
49:50 Conscription
51:04 Caravan
53:50 Halberdier
58:54 Paladin
59:37 Scale Mail Armor
62:45 Chain Mail Armor
63:39 Murder Holes
63:57 Arson
68:32 Coinage
80:46 Fervor
80:52 Block Printing
81:02 Illumination
80:38 Devotion
80:34 Herbal Medicine
81:15 Theocracy
81:02 Heresy
sinko peso
10:12 Loom
14:22 Feudal Age
15:30 Double-Bit Axe
15:35 Horse Collar
18:24 Man-at-Arms
22:46 Wheelbarrow
21:57 Town Watch
30:29 Forging
30:20 Scale Mail Armor
30:20 Padded Archer Armor
30:11 Fletching
30:27 Scale Barding Armor
33:40 Castle Age
31:58 Gold Mining
31:59 Stone Mining
33:45 Long Swordsman
34:29 Squires
36:03 Iron Casting
36:32 Gold Shaft Mining
36:25 Arson
36:58 Chain Mail Armor
37:04 Leather Archer Armor
38:33 Bodkin Arrow
40:24 Chain Barding Armor
41:03 Husbandry
44:10 Royal Heirs
50:31 Imperial Age
49:03 Ballistics
50:10 Stone Shaft Mining
49:45 Murder Holes
50:02 Masonry
50:39 Elite Shotel Warrior
52:45 Conscription
53:42 Chemistry
53:27 Heavy Camel Rider
55:28 Caravan
58:13 Two-Handed Swordsman
65:33 Blast Furnace
71:33 Heavy Plow
72:16 Coinage
71:57 Guilds
72:22 Plate Mail Armor
71:53 Bracer
72:24 Ring Archer Armor
Connection lost

Rejoining the realm…

Still unreachable

The connection could not be restored.

Session expired

The server has moved on; the page needs a fresh start.